 Dungeon Crawl Stone Soup version 0.30-a0-6-g7c9e10e132 (webtiles) character file.

Game seed: 4293209245421551751

55335 jlumianski the Cleaver (level 14, -10/105 HPs)
             Began as a Demonspawn Gladiator on Aug 20, 2022.
             Was the Champion of Qazlal.
             Killed by divine providence
             ... invoked by an orc high priest
              (14 damage)
             ... on level 2 of the Orcish Mines on Aug 23, 2022.
             The game lasted 01:46:52 (17938 turns).

jlumianski the Cleaver (Demonspawn Gladiator)      Turns: 17938, Time: 01:46:53

Health: -10/105    AC: 21    Str: 19    XL:     14   Next: 37%
Magic:  24/24      EV: 18    Int:  9    God:    Qazlal [******]
Gold:   1124       SH:  8    Dex: 16    Spells: 23/30 levels left

rFire   . . .      SeeInvis +    v - +6 battleaxe (spect)
rCold   . . .      Faith    .    (shield currently unavailable)
rNeg    . . .      Spirit   .    V - +2 acid dragon scales
rPois   +          Reflect  .    (helmet unavailable)
rElec   .          Harm     .    m - +2 cloak {rPois}
rCorr   +          Rampage  .    t - +2 pair of gloves
Will    +....      Clarity  +    T - +2 pair of boots
Stlth   +.........               f - amulet of regeneration
HPRegen 1.07/turn                B - +4 ring of evasion
MPRegen 0.19/turn                k - ring of see invisible

@: repel missiles
A: horns 3, molten scales 1, powered by pain 1, spiny 2, clarity, low MP 1
a: Renounce Religion, Upheaval, Elemental Force, Disaster Area


You were on level 2 of the Orcish Mines.
You worshipped Qazlal.
Qazlal was exalted by your worship.
You visited 4 branches of the dungeon, and saw 19 of its levels.
You also visited: Sewer, Ossuary and Volcano.

You collected 1691 gold pieces.
You spent 567 gold pieces at shops.

Inventory:

Hand Weapons
 j - a +2 longbow of flaming
 v - a +6 spectral battleaxe (weapon)
 y - a +0 arbalest
 G - a +4 halberd of flaming
 K - the +1 spear "Ocvylym" {vorpal, rF+}
   (You found it on level 15 of the Dungeon)

   It inflicts extra damage upon your enemies.
   rF:        It protects you from fire.
Missiles
 d - 4 throwing nets
 g - 31 poisoned darts (quivered)
 x - 12 boomerangs
 A - 7 curare-tipped darts
Armour
 i - a +0 plate armour of fire resistance
 m - a +2 cloak of poison resistance (worn)
 t - a +2 pair of gloves (worn)
 T - a +2 pair of boots (worn)
 V - +2 acid dragon scales (worn)
Jewellery
 f - an amulet of regeneration (around neck)
 k - a ring of see invisible (right hand)
 l - an amulet of faith
 o - a +6 ring of dexterity
 u - a ring of flight
 B - a +4 ring of evasion (left hand)
 S - a ring of willpower
Wands
 b - a wand of mindburst (7)
 q - a wand of iceblast (2)
 R - a wand of flame (72)
Scrolls
 c - 2 scrolls of magic mapping
 e - a scroll of amnesia
 h - a scroll of summoning
 z - 7 scrolls of teleportation
 C - 5 scrolls of identify
 N - 5 scrolls of blinking
 Q - 2 scrolls of fear
 U - a scroll of poison
 Y - 2 scrolls of fog
Potions
 a - 3 potions of resistance
 n - 2 potions of might
 r - a potion of magic
 s - a potion of attraction
 F - 10 potions of heal wounds
 H - 3 potions of haste
 I - 2 potions of invisibility
 M - a potion of lignification
 P - 12 potions of curing
 W - 3 potions of flight
 Z - 2 potions of berserk rage
Miscellaneous
 J - a condenser vane


   Skills:
 + Level 8.1 Fighting
 + Level 12.4(12.5) Axes
 + Level 1.5(8.1) Polearms
 - Level 1.9 Throwing
 + Level 6.0 Armour
 + Level 6.2 Dodging
 - Level 1.0 Stealth
 + Level 4.5 Shields
 * Level 8.8 Spellcasting
 + Level 0.3 Hexes
 * Level 8.9 Summonings
 * Level 11.4 Invocations
 * Level 8.4 Evocations


You had 23 spell levels left.
You knew the following spells:

 Your Spells              Type           Power      Damage    Failure   Level
a - Summon Small Mammal   Summ           80%        N/A       1%          1
b - Call Canine Familiar  Summ           20%        N/A       1%          3
c - Summon Guardian Gole  Hex/Summ       12%        N/A       10%         3

Your spell library contained the following spells:

 Spells                   Type           Power      Damage    Failure   Level
 Slow                     Hex            16%        N/A       19%         1
 Freeze                   Ice            12%        1d4       22%         1
 Magic Dart               Conj           12%        1d3       22%         1
 Searing Ray              Conj           6%         2d4       32%         2
 Summon Ice Beast         Ice/Summ       12%        N/A       32%         4
 Confusing Touch          Hex            4%         N/A       50%         3
 Portal Projectile        Hex/Tloc       8%         N/A       52%         3
 Frozen Ramparts          Ice            6%         1d1       54%         3
 Ignite Poison            Fire/Tmut/Pois 3%         N/A       54%         3
 Mephitic Cloud           Conj/Pois/Air  3%         N/A       54%         3
 Vampiric Draining        Necr           3%         2d6       54%         3
 Summon Mana Viper        Hex/Summ       12%        N/A       65%         5
 Fulminant Prism          Conj/Hex       2%         3d6       89%         4
 Leda's Liquefaction      Hex/Erth       2%         N/A       89%         4
 Animate Dead             Necr           3%         N/A       91%         4
 Hailstorm                Conj/Ice       3%         3d3       91%         4
 Ice Form                 Ice/Tmut       3%         N/A       91%         4
 Freezing Cloud           Conj/Ice/Air   1%         6-21      99%         5


Dungeon Overview and Level Annotations

Branches:
Dungeon (15/15)            Temple (1/1) D:4            Lair (1/5) D:11
    Orc (2/2) D:10            Elf (0/3) Orc:2        Vaults (0/5) D:13
 Depths (0/4) D:15          Sewer (visited)         Ossuary (visited)
Volcano (visited)

Altars:
Ashenzari
Cheibriados
Dithmenos
Gozag
Kikubaaqudgha
Makhleb
Nemelex Xobeh
Okawaru
Qazlal
Ru
Sif Muna
Vehumet
Wu Jian
Yredelemnul

Shops:
D:3 (   D:4 ?

Annotations:
D:5 3 runed translucent doors, pigah's ghost, novice OpAE


Innate Abilities, Weirdness & Mutations

You have a pair of large horns on your head.
You are partially covered in molten scales. (AC +2)
You sometimes gain a little power by taking damage.
You are mostly covered in sharp spines.
You possess an exceptional clarity of mind.
Your magical capacity is low. (-10% MP)


Message History

The orc knight roars a battlecry!
The orc high priest goes into a battle-frenzy!
The ice devil attacks as you move away! You block the ice devil's attack.
You hear a shout!
You feel less protected from physical attacks.
You hear a shout!
The orc warrior no longer looks unusually strong.
Your fire elemental hits the orc sorcerer.
Your fire elemental burns the orc sorcerer!
The orc sorcerer mumbles some strange words.
The ice devil attacks as you move away! The ice devil barely misses you.
You hear a shout!
The orc sorcerer no longer looks unusually strong.
Your fire elemental barely misses the orc sorcerer.
The orc sorcerer mumbles some strange words.
Your fire elemental hits the orc sorcerer.
Your fire elemental burns the orc sorcerer!
The soul eater draws from the surrounding life force!
The orc sorcerer no longer looks unusually strong.
The orc warrior no longer looks unusually strong.
The orc sorcerer gestures wildly while chanting.
Your fire elemental hits the orc sorcerer.
Your fire elemental burns the orc sorcerer!
The orc sorcerer dies!
Qazlal accepts your kill.
The soul eater disappears in a puff of smoke!
The rust devil disappears in a puff of smoke!
The smoke demon disappears in a puff of smoke!
The ice devil closely misses you.
Your fire elemental hits the ynoxinul.
Your fire elemental burns the ynoxinul!
The ice devil attacks as you move away! The ice devil is struck by your spines.
The ice devil hits you. The ice devil freezes you!!
* * * LOW HITPOINT WARNING * * *
The orc warrior unwields a +0 hand axe.
The orc warrior wields a +0 arbalest.
The orc warrior shoots a bolt.
The bolt hits you!
* * * LOW HITPOINT WARNING * * *
You focus on the pain.
You feel your power returning.
The orc high priest mumbles some strange prayers to Beogh against you.
Beogh smites you!
You die...

***,,,,.o.,,,,*** *,,,,** #
*****#.#***** *...,,** #
#########o###########......* #
.......))o3...............##* #
.......)○..o..............#.## ##
........)E..o................###.
.......§...o§§................#..
........§.°...4............#.#.#.
.............○☼°@................
...........>§○.§.☼..)............
.............○...☼...............
......................)..........
....................)#..#........
.................................
#......##..........#.#..#...#.#..
#################################


You could see an orc high priest (strong), an ice devil (summoned, ally target),
a ynoxinul (summoned), an orc sorcerer, 2 orc warriors, an orc priest and a
friendly fire elemental (summoned).

Vanquished Creatures
  A stone giant (D:15)
  An ironbound preserver (D:13)
  Snorg (D:11)
  3 hydras
  6 boulder beetles
  Erolcha (D:9)
  6 centaur warriors
  3 two-headed ogres
  A catoblepas (D:15)
  An orc high priest (Orc:2)
  2 tengu warriors (D:15)
  The ghost of SensoryNuts the Carver, a novice DsFi of Gozag (Orc:1)
  3 death yaks
  A fire crab (Volcano)
  3 skeletal warriors
  A wizard (D:15)
  2 orc knights
  A lindwurm (Volcano)
  A mana viper (shapeshifter) (D:14)
  2 deep elf pyromancers
  7 manticores
  A phantasmal warrior (D:15)
  5 cyclopes
  7 ugly things
  An orc sorcerer (Orc:2)
  Maurice (D:12)
  2 gargoyles (D:13)
  2 molten gargoyles (Volcano)
  Maggie (D:9)
  A smoke demon (D:11)
  A rime drake (shapeshifter) (D:15)
  An unseen horror (D:11)
  Psyche (D:11)
  2 efreet
  A tengu conjurer (D:14)
  3 trolls
  A wind drake (shapeshifter) (D:12)
  14 slime creatures
  15 flying skulls (D:15)
  2 shadows
  A wyvern (D:7)
  5 wraiths
  5 fire bats (Volcano)
  9 vampire mosquitoes
  3 steam dragons
  24 yaks
  A warg (Orc:1)
  A floating eye (shapeshifter) (D:13)
  5 acid dragons
  A hell hound (Volcano)
  12 orc warriors
  A sky beast (D:4)
  2 ice beasts (D:6)
  3 black bears
  4 ogres (Orc:1)
  7 centaurs
  3 boggarts (D:15)
  6 phantoms
  6 kobold brigands
  An elf zombie (Ossuary)
  A necrophage (D:8)
  4 scorpions
  4 bullfrogs
  3 gnoll sergeants
  5 wights
  A troll zombie (Ossuary)
  3 electric eels (D:15)
  3 howler monkeys
  5 lava snakes (Volcano)
  A centaur zombie (Ossuary)
  4 hounds
  2 jellies (D:7)
  11 orc priests
  A hell rat (D:11)
  3 iguanas
  Terence (D:2)
  Natasha (twice) (D:2 D:1)
  13 orc wizards
  3 ogre zombies (Ossuary)
  7 mummies (Ossuary)
  Robin (D:1)
  14 gnolls
  11 adders
  5 river rats
  2 white imps (D:5)
  An ufetubus (D:4)
  3 adder zombies (Ossuary)
  4 worms
  4 dart slugs
  63 orcs
  8 endoplasms
  5 giant cockroaches
  10 goblins
  6 hobgoblins
  5 jackals
  9 quokkas
  11 ball pythons
  5 bats
  16 frilled lizards
  5 goblin zombies (Ossuary)
  A hobgoblin zombie (Ossuary)
  13 kobolds
  4 kobold zombies (Ossuary)
  5 quokka zombies (Ossuary)
  11 rats
  6 rat zombies (Ossuary)
515 creatures vanquished.

Vanquished Creatures (collateral kills)
  A death knight (D:15)
  An orc sorcerer (Orc:2)
  A kobold (D:8)
3 creatures vanquished.

Vanquished Creatures (others)
  A human (D:9)
  A boggart (D:15)
  A frilled lizard (D:4)
  33 plants
  2 withered plants (D:5)
38 creatures vanquished.

Grand Total: 556 creatures vanquished

Notes
Turn   | Place    | Note
-------+----------+-------------------------------------------
     0 | D:1      | jlumianski the Demonspawn Gladiator began the quest for the
                  | Orb.
     0 | D:1      | Reached XP level 1. HP: 16/16 MP: 1/1
   411 | D:1      | Gained mutation: You have a pair of small horns on your
                  | head. [demonic ancestry]
   411 | D:1      | Reached XP level 2. HP: 17/22 MP: 2/2
   567 | D:1      | Reached skill level 3 in Axes
   801 | D:2      | Noticed Natasha
   805 | D:2      | Noticed a crimson imp
   812 | D:2      | Killed Natasha
   813 | D:2      | Reached skill level 1 in Armour
   813 | D:2      | Reached XP level 3. HP: 14/27 MP: 3/3
  1244 | D:2      | Noticed Robin
  1264 | D:2      | Noticed Natasha
  1272 | D:1      | Killed Robin
  1290 | D:1      | Reached XP level 4. HP: 24/33 MP: 4/4
  1323 | D:1      | Killed Natasha
  1365 | D:2      | Gained mutation: Your magical capacity is low. (-10% MP)
                  | [potion of mutation]
  1365 | D:2      | Gained mutation: You possess an exceptional clarity of
                  | mind. [potion of mutation]
  1630 | D:2      | Noticed Terence
  1635 | D:2      | Killed Terence
  1636 | D:2      | Reached XP level 5. HP: 30/39 MP: 4/4
  1853 | D:2      | Learned a level 1 spell: Summon Small Mammal
  2009 | D:3      | Reached skill level 4 in Axes
  2162 | D:3      | Found Qiun's Antique Weapon Boutique.
  2357 | D:4      | Noticed a phantom
  2448 | D:3      | Reached XP level 6. HP: 33/46 MP: 6/6
  2456 | D:3      | Reached skill level 1 in Spellcasting
  2844 | D:3      | Upgraded the game from 0.30-a0-2-gf48d83f5e2 to
                  | 0.30-a0-4-ga7cffc901d
  2960 | D:3      | Reached skill level 1 in Summonings
  3057 | D:5      | Entered Level 5 of the Dungeon
  3124 | D:4      | Noticed a sky beast
  3133 | D:4      | Killed a sky beast
  3134 | D:4      | Gained mutation: You are partially covered in sharp spines.
                  | [demonic ancestry]
  3134 | D:4      | Reached XP level 7. HP: 48/52 MP: 8/8
  3265 | D:4      | Reached skill level 5 in Axes
  3548 | D:4      | Found Katwutiy's Magic Scroll Boutique.
  3591 | D:4      | Found a shimmering blue altar of Sif Muna.
  3694 | D:4      | Found a staircase to the Ecumenical Temple.
  3703 | Temple   | Entered the Ecumenical Temple
  3770 | Temple   | Became a worshipper of Qazlal Stormbringer
  4066 | D:5      | Gained mutation: You have a pair of horns on your head.
                  | [demonic ancestry]
  4066 | D:5      | Reached XP level 8. HP: 53/60 MP: 10/10
  4135 | D:6      | Reached skill level 1 in Invocations
  4164 | D:6      | Reached skill level 6 in Axes
  4199 | D:6      | Found a glowing drain.
  4210 | Sewer    | Entered a sewer
  4278 | Sewer    | Reached * piety under Qazlal
  4279 | Sewer    | Reached skill level 1 in Evocations
  4826 | D:5      | Reached ** piety under Qazlal
  4827 | D:5      | Gained mutation: You are mostly covered in sharp spines.
                  | [demonic ancestry]
  4827 | D:5      | Reached XP level 9. HP: 49/66 MP: 12/12
  4832 | D:5      | Found a basalt altar of Yredelemnul.
  5036 | D:5      | Found a runed translucent gate.
  5037 | D:5      | Found a runed translucent gate.
  5037 | D:5      | Noticed pigah's ghost (novice OpAE)
  5037 | D:5      | Identified the +7 mace "Xajolosm" {drain, Fly rPois Str-4
                  | Int+4}
  5037 | D:5      | Identified the +1 scale mail of the Puckish God {Slay+3}
  5038 | D:5      | Found a runed translucent gate.
  5729 | D:6      | Got the Exposition on Baleful Blasphemous Secrets
  6064 | D:6      | You fall into a shaft and drop 3 floors!
  6077 | D:9      | Reached skill level 7 in Axes
  6101 | D:9      | Reached skill level 5 in Summonings
  6138 | D:9      | Noticed Maggie
  6148 | D:9      | Killed Maggie
  6149 | D:9      | Reached skill level 5 in Fighting
  6172 | D:9      | Learned a level 3 spell: Call Canine Familiar
  6301 | D:7      | Found a sand-covered staircase.
  6309 | Ossuary  | Entered an ossuary
  6467 | Ossuary  | Reached *** piety under Qazlal
  6588 | Ossuary  | Gained mutation: You sometimes gain a little power by
                  | taking damage. [demonic ancestry]
  6588 | Ossuary  | Reached XP level 10. HP: 74/74 MP: 13/14
  7300 | D:4      | Bought 3 scrolls of blinking for 315 gold pieces
  7774 | D:7      | Found a snail-covered altar of Cheibriados.
  7825 | D:7      | Identified the +2 leather armour "Roiteits" {Harm rC+}
  8122 | D:7      | Reached skill level 8 in Axes
  8401 | D:8      | Reached skill level 5 in Invocations
  8588 | D:8      | Reached **** piety under Qazlal
  8895 | D:9      | Noticed Erolcha
  8908 | D:9      | Killed Erolcha
  8909 | D:9      | Reached skill level 5 in Armour
  8909 | D:9      | Reached skill level 1 in Shields
  8994 | D:9      | Found an ancient bone altar of Kikubaaqudgha.
  9634 | D:9      | Reached skill level 5 in Spellcasting
  9701 | D:10     | Entered Level 10 of the Dungeon
  9888 | D:10     | Noticed a two-headed ogre
  9899 | D:10     | Killed a two-headed ogre
  9900 | D:10     | Gained mutation: You have a pair of large horns on your
                  | head. [demonic ancestry]
  9900 | D:10     | Reached XP level 11. HP: 70/80 MP: 17/17
  9979 | D:10     | Reached skill level 9 in Axes
 10440 | D:10     | Noticed a boulder beetle
 10465 | D:10     | Killed a boulder beetle
 10466 | D:10     | Reached skill level 1 in Stealth
 10626 | D:10     | Found a staircase to the Orcish Mines.
 10789 | D:11     | Noticed a death yak
 10792 | D:11     | Noticed Psyche
 10792 | D:11     | Noticed a death yak
 10793 | D:11     | Noticed a death yak
 10808 | D:11     | Killed a death yak
 10809 | D:11     | Reached skill level 5 in Evocations
 10812 | D:11     | Killed Psyche
 10814 | D:11     | Killed a death yak
 10883 | D:10     | Killed a death yak
 10926 | D:11     | Reached ***** piety under Qazlal
 11017 | D:11     | Found a staircase to the Lair.
 11022 | D:11     | Noticed a boulder beetle
 11039 | D:11     | Killed a boulder beetle
 11134 | D:11     | Found a burning altar of Makhleb.
 11348 | D:11     | Identified the +1 leather armour "Fiuzuo" {Fly Will+ Int-5}
 11444 | D:11     | Reached skill level 5 in Dodging
 11534 | D:11     | Noticed Snorg
 11545 | D:11     | Killed Snorg
 11546 | D:11     | Reached skill level 10 in Axes
 11992 | D:12     | Noticed Maurice
 12008 | D:12     | Killed Maurice
 12009 | D:12     | Reached XP level 12. HP: 88/88 MP: 19/19
 12211 | D:4      | Bought a scroll of teleportation for 42 gold pieces
 12211 | D:4      | Bought a scroll of enchant armour for 105 gold pieces
 12211 | D:4      | Bought a scroll of enchant weapon for 105 gold pieces
 12374 | Lair:1   | Entered Level 1 of the Lair of Beasts
 12573 | D:12     | Noticed a two-headed ogre
 12574 | D:12     | Noticed a boulder beetle
 12576 | D:12     | Killed a two-headed ogre
 12585 | D:12     | Learned a level 3 spell: Summon Guardian Golem
 12651 | D:12     | Noticed a boulder beetle
 12664 | D:12     | Killed a boulder beetle
 13152 | D:13     | Noticed an ironbound preserver
 13162 | D:13     | Killed an ironbound preserver
 13183 | D:13     | Found a gate to the Vaults.
 13184 | D:13     | Noticed a centaur warrior
 13231 | D:13     | Killed a centaur warrior
 13268 | D:13     | Noticed a four-headed hydra
 13285 | D:12     | Killed a two-headed hydra
 13301 | D:13     | Noticed a boulder beetle
 13319 | D:12     | Killed a boulder beetle
 13320 | D:12     | Reached skill level 11 in Axes
 13387 | D:13     | Noticed a centaur warrior
 13392 | D:13     | Killed a centaur warrior
 13566 | D:13     | Noticed a boulder beetle
 13579 | D:13     | Killed a boulder beetle
 13580 | D:13     | Reached XP level 13. HP: 32/95 MP: 21/21
 14253 | D:14     | Reached skill level 10 in Invocations
 15013 | D:15     | Entered Level 15 of the Dungeon
 15439 | D:15     | Identified the +1 spear "Ocvylym" {vorpal, rF+}
 15449 | D:15     | Reached ****** piety under Qazlal
 15453 | D:15     | Reached skill level 1 in Polearms
 15540 | D:14     | Reached skill level 12 in Axes
 15713 | D:15     | Gained mutation: You are partially covered in molten
                  | scales. (AC +2) [demonic ancestry]
 15713 | D:15     | Reached XP level 14. HP: 98/104 MP: 23/23
 15767 | D:15     | Found the +3 giant club "Skullcrusher" {speed, Str+7}
 15917 | D:15     | Noticed a stone giant
 15924 | D:15     | Killed a stone giant
 15937 | D:15     | Found a staircase to the Depths.
 16469 | D:11     | Upgraded the game from 0.30-a0-4-ga7cffc901d to
                  | 0.30-a0-6-g7c9e10e132
 16738 | Orc:1    | Entered Level 1 of the Orcish Mines
 16924 | Orc:2    | Entered Level 2 of the Orcish Mines
 17063 | Orc:1    | Found a dark tunnel.
 17070 | Volcano  | Entered a volcano
 17332 | Volcano  | Found a bloodstained altar of Trog.
 17607 | Orc:1    | Noticed SensoryNuts's ghost (novice DsFi)
 17625 | Orc:1    | Found a runed translucent door.
 17685 | Orc:1    | Killed SensoryNuts's ghost
 17836 | Orc:2    | Found a staircase to the Elven Halls.
 17926 | Orc:2    | Paralysed by an orc sorcerer for 4 turns
 17938 | Orc:2    | HP: 4/105 [orc warrior/bolt (14)]
 17938 | Orc:2    | Killed from afar by an orc high priest

Illustrated notes

Levels and vault maps discovered:
D:1:      scummos_arrival_simple_crosswalls, layout_basic
D:2:      layout_basic, uniq_natasha, uniq_terence, uniq_robin
D:3:      layout_loops_cross, serial_shops, nicolae_shop_crystal
D:4:      layout_rooms, kennysheep_mini, lemuel_temple_firewalk_a, serial_shops,
          nicolae_shop_behind_doors, minmay_lizard_king
D:5:      layout_basic, yredelemnul_altar_generic, biasface_ghost_orc_armoury,
          chequers_serial_rivers_micro_a
D:6:      layout_basic, gup_sewer_entry_pipe
D:7:      layout_basic, tso_oasis_becter, gammafunk_temple_overflow_statue,
          enter_ossuary_5
D:8:      layout_basic
D:9:      minmay_recursive_quarters, layout_loops_ring, tgw_kikubaaqudgha,
          uniq_erolcha, uniq_maggie
D:10:     layout_basic, orc_0_dummy, nzn_sisyphean_effort
D:11:     kennysheep_blocky_hall, layout_basic, dpeg_lair_monsters,
          demons_altar, uniq_snorg, uniq_psyche
D:12:     layout_irregular_city, nicolae_fountain_basement, uniq_maurice
D:13:     layout_long_grid, skrybe_vaults_entry_preservation
D:14:     layout_basic, solitary_fountain
D:15:     grunt_enter_depths_snipers, layout_irregular_city, serial_bayou,
          serial_bayou_pond_e, serial_bayou_shore_a, serial_bayou_shore_b,
          serial_bayou_crossing, serial_bayou_ford_a, serial_bayou_pond_e,
          minmay_guarded_unrand_skullcrusher
Temple:   eino_temple_scatter_basement
Lair:1:   layout_gridlike, grunt_megastairs_3
Orc:1:    layout_diamond_mine, hellmonk_ghost_happy_afterlife,
          nicolae_volcano_entry_s_turn
Orc:2:    st_orc_elflike, layout_diamond_mine, serial_shops,
          nicolae_square_shop, minmay_orc_treasury

Skill      XL: |  1  2  3  4  5  6  7  8  9 10 11 12 13 14 |
---------------+-------------------------------------------+-----
Dodging        | 3 4 5 6 |  6.2
Axes           | 3 4 5 6 7 8 10 11 12 | 12.4
Armour         | 1 2 3 4 5 6 |  6.0
Spellcasting   | 1 2 3 4 5 6 7 8 |  8.8
Fighting       | 3 4 5 6 7 8 |  8.1
Summonings     | 1 2 4 5 6 7 8 |  8.9
Invocations    | 2 4 6 8 9 11 | 11.4
Evocations     | 1 3 4 6 7 8 |  8.4
Shields        | 1 2 3 4 |  4.5
Stealth        | 1 |  1.0
Polearms       | 1 |  1.5
Throwing       | |  1.9
Hexes          | |  0.3

Action                   |  1- 3 |  4- 6 |  7- 9 | 10-12 | 13-15 || total
-------------------------+-------+-------+-------+-------+-------++-------
Melee: War axe           |    74 |   180 |   311 |   231 |       ||   796
       Headbutt          |     4 |    31 |    63 |   102 |    68 ||   268
       Punch             |       |     1 |     4 |     3 |       ||     8
       Battleaxe         |       |       |       |   180 |   226 ||   406
       Halberd           |       |       |       |     3 |    10 ||    13
Throw: Dart              |       |     2 |     6 |       |       ||     8
 Cast: Call Canine Famil |       |       |       |    10 |       ||    10
       Summon Small Mamm |       |       |       |     2 |       ||     2
       Summon Guardian G |       |       |       |       |     1 ||     1
Invok: Elemental Force   |       |       |       |     1 |     2 ||     3
  Use: Scroll            |     3 |     4 |     9 |    21 |     4 ||    41
       Potion            |     1 |     2 |     4 |     1 |     1 ||     9
 Stab: Paralysed         |       |       |       |     4 |       ||     4
       Petrified         |       |       |       |       |     5 ||     5
       Distracted        |       |       |       |       |     3 ||     3
Armor: Ring mail         |    31 |    20 |       |       |       ||    51
       Scale mail        |       |    69 |    80 |       |       ||   149
       Acid dragon scale |       |       |     5 |   127 |    98 ||   230
Dodge: Dodged            |    58 |   139 |   209 |   298 |   238 ||   942
       Repelled          |       |       |       |     6 |     4 ||    10
Block: Other             |       |       |    16 |   105 |   109 ||   230

Table legend: (Time is in decaauts)
 A = Elapsed time spent in this place.
 B = Non-inter-level travel time spent in this place.
 C = Inter-level travel time spent in this place.
 D = Time resting spent in this place.
 E = Time spent auto-exploring this place.
 F = Levels seen in this place.
 G = Mean time per level.
                   A        B        C        D        E       F      G
               +--------+--------+--------+--------+--------+-----+--------+
         Total |  18321 |  17058 |   1263 |    483 |   8726 |  22 |  832.8 |
       Dungeon |  15830 |  14569 |   1261 |    483 |   8509 |  15 | 1055.3 |
        Temple |     80 |     80 |      0 |      0 |      0 |   1 |   80.0 |
          Lair |      4 |      2 |      2 |      0 |      0 |   1 |    4.0 |
  Orcish Mines |    803 |    803 |      0 |      0 |    142 |   2 |  401.5 |
         Sewer |    479 |    479 |      0 |      0 |      1 |   1 |  479.0 |
       Ossuary |    718 |    718 |      0 |      0 |     74 |   1 |  718.0 |
       Volcano |    404 |    404 |      0 |      0 |      0 |   1 |  404.0 |
               +--------+--------+--------+--------+--------+-----+--------+

Top non-repeatable levels by time:
    D:11: 1378 daAuts
     D:6: 1274 daAuts
    D:10: 1230 daAuts
     D:2: 1208 daAuts
    D:14: 1199 daAuts
    D:15: 1156 daAuts
    D:13: 1095 daAuts
     D:5: 1045 daAuts
     D:3: 1017 daAuts
     D:9: 983 daAuts
     D:7: 958 daAuts
    D:12: 881 daAuts
     D:4: 874 daAuts
     D:1: 852 daAuts
 Ossuary: 718 daAuts
